Map: King of Braxis Station

Players

MrFercho

  • Race: Zerg Zerg
  • Spawn Location: 6:00

tigro

  • Race: Terran Terran
  • Spawn Location: 12:00

TATORREA

  • Race: Protoss Protoss
  • Spawn Location: 9:00

VOD

Have the link to the VOD?

Description

Time

  • Played on: April 14, 2020, 8:06 p.m.
  • Length: 1:13
Show
View Real Time Build Order
Export as new Build Order

MrFercho Zerg 

Build Orders:  

Get SALT Encoding   

  12  0:02  Drone  
  13  0:17  Overlord  
  13  0:18  Drone  
Show
View Real Time Build Order
Export as new Build Order

tigro Terran 

Build Orders:  

Get SALT Encoding   

  12  0:07  SCV  
  13  0:18  Supply Depot  
  13  0:19  SCV  
  14  0:28  Refinery  
  14  0:46  Barracks  
  14  0:52  Refinery  
  14  0:54  SCV  
Show
View Real Time Build Order
Export as new Build Order

TATORREA Protoss 

Build Orders:  

Get SALT Encoding   

  12  0:12  Probe (Chrono Boost)  
  13  0:23  Probe (Chrono Boost)  
  13  0:27  Pylon  
  13  0:28  Probe (Chrono Boost)  
  15  0:39  Pylon  
  15  0:45  Probe  
  15  0:47  Pylon  
  16  0:51  Assimilator  
  16  1:01  Forge, Probe  
Tags
 
Add a new tag
Caveats
  • Supply blocks, unpowered buildings, or Contaminate may cause inaccurate times.
  • Supply counts are checked every 10 seconds.